 Dungeon Crawl Stone Soup version 0.19.1 (webtiles) character file.

52119 Haldmier the Arsonist (level 14, -18/99 HPs)
             Began as a High Elf Wizard on Dec 11, 2016.
             Was a High Priest of Vehumet.
             Killed from afar by a rime drake (25 damage)
             ... with a flash freeze
             ... on level 6 of the Lair of Beasts.
             The game lasted 02:32:33 (22366 turns).

Haldmier the Arsonist (High Elf Wizard)            Turns: 22366, Time: 02:32:34

Health: -18/99     AC: 15    Str: 10    XL:     14   Next: 26%
Magic:  16/29      EV: 15    Int: 25    God:    Vehumet [*****.]
Gold:   1515       SH:  0    Dex: 13    Spells: 9 memorised, 4 levels left

rFire  + . .     SeeInvis +     j - +11 triple sword (flame)
rCold  . . .     Gourm    .     Y - +4 ring mail {rF+}
rNeg   + . .     Faith    .     (shield currently unavailable)
rPois  .         Spirit   .     r - +1 helmet
rElec  .         Reflect  .     (no cloak)
rCorr  .         Harm     .     q - +2 pair of gloves
MR     +....                    h - +0 pair of boots
Stlth  +.........               L - amulet of regeneration
                                A - ring of positive energy
                                S - ring of see invisible

@: lethally poisoned (-18 -> -29)
A: no striking features
a: Renounce Religion


You were on level 6 of the Lair of Beasts.
You worshipped Vehumet.
Vehumet was extremely pleased with you.
You were not hungry.

You visited 4 branches of the dungeon, and saw 20 of its levels.

You collected 2303 gold pieces.
You spent 788 gold pieces at shops.

Inventory:

Hand Weapons
 j - a +11 triple sword of flaming (weapon)
Armour
 h - a +0 pair of boots (worn)
 q - a +2 pair of gloves (worn)
 r - a +1 helmet (worn)
 u - a +2 robe of positive energy
 E - a +0 ring mail of magic resistance
 J - the cursed +1 robe of Xiamar Awni {Slay+5, unknown}
   (You found it on level 4 of the Lair of Beasts)

   It affects your accuracy and damage with ranged weapons and melee attacks
   (+5).
   It has a curse placed upon it.
 V - a +2 robe of resistance
 Y - a +4 ring mail of fire resistance (worn)
Rods
 P - a -2 rod of clouds (11/11)
   (You found it on level 5 of the Lair of Beasts)
Jewellery
 i - an uncursed ring of protection from fire
 n - a +2 ring of slaying {unknown}
 A - a ring of positive energy (right hand)
 G - an uncursed ring of protection from fire
 L - an amulet of regeneration (around neck)
 S - a ring of see invisible (left hand)
Wands
 c - a wand of digging (13/24)
 f - a wand of iceblast (8/15)
 m - a wand of teleportation (5/9)
 O - a wand of lightning (15/15)
Scrolls
 b - a scroll of blinking
 l - a scroll of vulnerability {unknown}
 o - 2 scrolls of teleportation
 s - a scroll of holy word {unknown}
 v - 3 scrolls of remove curse
 w - 4 scrolls of identify
 y - 3 scrolls of magic mapping
 B - 2 scrolls of fog
 D - 3 scrolls of enchant armour
 I - 3 scrolls of torment {unknown}
 K - a scroll of enchant weapon
Potions
 e - 2 potions of beneficial mutation {unknown}
 k - 5 potions of curing
 x - 2 potions of brilliance
 C - 2 potions of magic
 F - 3 potions of heal wounds
 H - a potion of invisibility
 M - a potion of berserk rage {unknown}
 N - a potion of flight
 U - a potion of might
Books
 p - a book of Party Tricks

   Spells                             Type                      Level
   a - Summon Butterflies             Summoning                    1
   b - Apportation                    Translocation                1
   c - Lesser Beckoning               Translocation                3
   d - Tukima's Dance                 Hexes                        3
   e - Alistair's Intoxication        Transmutation/Poison         5
   f - Invisibility                   Hexes                        6
Comestibles
 a - 10 royal jellies
 d - 5 bread rations
 g - 4 meat rations
 t - 3 fruits
 Q - 11 chunks of flesh


   Skills:
 - Level 10.1 Fighting
 * Level 11.0 Long Blades
 - Level 10.0 Dodging
 - Level 2.1 Stealth
 - Level 10.7 Spellcasting
 - Level 11.0 Conjurations
 - Level 0.8 Summonings
 - Level 4.0 Translocations
 - Level 11.0 Fire Magic
 - Level 6.0 Air Magic
 - Level 5.0 Poison Magic


You had 4 spell levels left.
You knew the following spells:

 Your Spells              Type           Power        Failure   Level  Hunger
a - Magic Dart            Conj           ####         1%          1    None
b - Blink                 Tloc           N/A          3%          2    None
c - Conjure Flame         Conj/Fire      ######..     1%          3    None
d - Mephitic Cloud        Conj/Pois/Air  ######..     1%          3    None
e - Call Imp              Summ           ###.....     14%         2    None
f - Repel Missiles        Chrm/Air       ####..       6%          2    None
g - Sticky Flame          Conj/Fire      ######..     1%          4    None
h - Bolt of Fire          Conj/Fire      ######....   5%          6    #####..
i - Delayed Fireball      Conj/Fire      N/A          50%         7    #######


Dungeon Overview and Level Annotations

Branches:
Dungeon (11/15)            Temple (1/1) D:6            Lair (6/6) D:11
 Shoals (0/4) Lair:4        Snake (0/4) Lair:4          Orc (2/2) D:10
    Elf (0/3) Orc:2
  Slime: Lair:5-6

Altars:
Ashenzari
Cheibriados
Dithmenos
Elyvilon
Fedhas
Gozag
Hepliaklqana
Kikubaaqudgha
Makhleb
Nemelex Xobeh
Okawaru
Qazlal
Ru
Sif Muna
Trog
Uskayaw
Vehumet
Xom
Yredelemnul
Zin
The Shining One

Shops:
D:7 (   Orc:1 ?   Orc:2 =:}(?

Portals:
Trove: D:11 (give 18 potions of curing)


Message History

You take 2 damage, and have 9/99 hp.
You now have 18/29 mp.
Casting: Blink
Confirm with . or Enter, or press ? or * to list all spells.
You blink.
Splash!
A wind drake comes into view.
The wind drake hisses angrily.
A rime drake comes into view.
The rime drake hisses angrily.
A polar bear comes into view.
The polar bear growls angrily.
A polar bear comes into view.
The polar bear growls angrily.
A dire elephant and a merfolk avatar come into view.
* * * LOW HITPOINT WARNING * * *
You feel sick. The harpy misses you. The harpy closely misses you.
The wind drake moves out of view.
The rime drake breathes ice at you. The flash freeze hits you!
You die...

.≈#≈≈"($=≈#≈≈. ≈
≈≈#≈:≈≈$≈≈≈≈. #.
≈≈≈%≈≈(≈P≈≈# #P.
≈.≈#≈≈$hm)≈≈≈≈# ≈≈..
#≈≈k≈≈≈≈≈≈≈≈≈# ≈....
#≈≈≈≈≈≈≈≈≈≈≈≈# #P...
#8≈≈Y≈≈≈≈≈h≈8# #≈...#
##≈@H≈# ###≈≈≈P.≈...
#8≈≈≈≈≈≈≈≈≈≈.#≈≈≈≈≈....
#≈≈≈≈≈F.≈≈≈≈≈#≈≈#≈≈....
#≈≈≈≈≈t≈≈≈P≈≈#≈≈≈#.....
#≈≈##≈≈≈#≈#≈##≈≈≈P.#...
≈≈≈≈≈≈≈≈P≈≈≈≈≈≈≈≈≈≈.##..
≈## ≈#≈≈##§Y##≈≈##≈≈...
≈##≈≈##≈≈D≈≈≈#≈..#..
.≈..≈.≈.P.≈≈....


You could see a dire elephant, a merfolk avatar, a six-headed hydra, an
elephant, 2 polar bears, a spiny frog, a harpy, a rime drake and a crocodile.

Vanquished Creatures
  The ghost of Herem the Cleaver, a journeyman DDFi of Makhleb (D:11)
  Fannar (D:10)
  Josephine (Orc:1)
  Harold (D:10)
  3 hydras
  A centaur warrior (D:11)
  Erica (D:8)
  The ghost of XO4YCPATb the Contemplative, a novice DrMo of Cheibriados (D:10)
  2 ogre magi (Orc:2)
  Nergalle (D:10)
  An orc high priest (Orc:2)
  A dancing weapon (Orc:1)
  2 deep trolls (Orc:1)
  3 hill giants
  Pikel (D:9)
  A harpy (Lair:6)
  2 manticores
  An orc sorcerer (Orc:2)
  2 cyclopes (Orc:2)
  5 elephants
  6 black mambas
  Joseph (D:9)
  12 spiny frogs
  A gargoyle (D:10)
  2 rime drakes
  4 komodo dragons
  13 trolls
  A hornet (Lair:6)
  5 polar bears
  7 two-headed ogres
  12 blink frogs (Lair:3)
  4 hippogriffs
  2 shadows (D:11)
  A vampire (D:10)
  4 wraiths (D:10)
  28 yaks
  4 wyverns
  A hungry ghost (D:10)
  7 basilisks
  A hill giant zombie (D:10)
  5 wargs
  A steam dragon (Lair:4)
  A mottled dragon (D:7)
  A naga (Lair:4)
  5 porcupines
  10 water moccasins
  16 orc warriors
  3 ice beasts (D:10)
  4 sky beasts
  The ghost of Herem the Covered, an amateur DDFi (D:3)
  3 phantoms
  27 ogres
  12 wolves
  6 centaurs
  9 crocodiles
  4 big kobolds
  11 bullfrogs
  2 gnoll sergeants
  A water moccasin skeleton (D:7)
  5 killer bees (D:7)
  2 troll zombies (D:10)
  10 wights
  3 electric eels
  7 howler monkeys
  2 crimson imps (D:7)
  A bullfrog zombie (D:10)
  4 hounds
  9 jellies
  10 orc priests
  16 orc wizards
  2 bullfrog skeletons
  3 iguanas
  Ijyb (D:2)
  10 worker ants
  2 bullfrog simulacra (D:10)
  5 ogre zombies (D:10)
  3 hound zombies
  A worker ant zombie (D:8)
  20 adders
  4 gnolls (D:11)
  A shadow imp (D:7)
  2 white imps (D:10)
  An ufetubus (D:10)
  5 oozes (D:9)
  2 worms (D:3)
  7 dart slugs
  4 leopard geckos
  57 orcs
  11 bats
  8 giant cockroaches
  4 goblins
  15 hobgoblins
  26 jackals
  17 kobolds
  9 quokkas
  2 ball pythons
  4 frilled lizards
  A goblin skeleton (D:10)
  3 goblin zombies (D:10)
  3 hobgoblin skeletons (D:10)
  A hobgoblin zombie (D:10)
  2 orc skeletons (D:10)
  15 orc zombies (D:10)
  9 rats
  2 fungi (Lair:6)
601 creatures vanquished.

Vanquished Creatures (others)
  A spiny frog (Lair:6)
  An ufetubus (D:10)
  An orc (D:9)
  12 fungi
  14 plants
29 creatures vanquished.

Grand Total: 630 creatures vanquished

Notes
Turn   | Place    | Note
-------+----------+-------------------------------------------
     0 | D:1      | Haldmier the High Elf Wizard began the quest for the Orb.
     0 | D:1      | Reached XP level 1. HP: 11/11 MP: 6/6
   312 | D:1      | Reached XP level 2. HP: 17/17 MP: 4/7
   316 | D:1      | Learned a level 2 spell: Blink
  1057 | D:2      | Reached XP level 3. HP: 21/21 MP: 2/9
  1125 | D:2      | Learned a level 3 spell: Conjure Flame
  1129 | D:2      | Learned a level 3 spell: Mephitic Cloud
  1233 | D:2      | Noticed Ijyb
  1247 | D:2      | HP: 1/21 [Ijyb/wand of flame (6)]
  1990 | D:2      | Reached skill level 1 in Fire Magic
  2023 | D:2      | Reached XP level 4. HP: 21/27 MP: 7/10
  2126 | D:2      | Reached skill level 1 in Poison Magic
  2173 | D:2      | Found a deep blue altar of Sif Muna.
  2683 | D:2      | Killed Ijyb
  2683 | D:2      | Reached skill level 1 in Air Magic
  2991 | D:3      | Noticed Herem's ghost (amateur DDFi)
  3067 | D:3      | Killed Herem's ghost
  3067 | D:3      | Reached skill level 1 in Fighting
  3067 | D:3      | Reached XP level 5. HP: 33/33 MP: 5/11
  3615 | D:3      | Reached XP level 6. HP: 38/38 MP: 8/12
  3947 | D:3      | Learned a level 2 spell: Call Imp
  4475 | D:4      | Found a snail-covered altar of Cheibriados.
  4907 | D:5      | Entered Level 5 of the Dungeon
  4987 | D:5      | Found a hide-covered altar of Uskayaw.
  5104 | D:5      | Got a pitted spear
  5105 | D:5      | Identified the +9 spear "Hathrun" {protect, *Drain +Inv +Fly rC+} (You found it on level 5 of the Dungeon)
  5234 | D:5      | Found an ancient bone altar of Kikubaaqudgha.
  5235 | D:5      | Found a bloodstained altar of Trog.
  5291 | D:5      | Got a coiled pewter ring
  5443 | D:5      | Reached skill level 1 in Long Blades
  5443 | D:5      | Reached XP level 7. HP: 45/45 MP: 13/13
  5596 | D:6      | Reached skill level 5 in Conjurations
  5963 | D:6      | Reached XP level 8. HP: 52/52 MP: 9/14
  6304 | D:6      | Reached skill level 5 in Air Magic
  6455 | D:6      | Found a staircase to the Ecumenical Temple.
  6462 | Temple   | Entered the Ecumenical Temple
  6467 | Temple   | Became a worshipper of Vehumet
  6474 | Temple   | Identified the ring of Houdubly {Str+2 Int+5} (You found it on level 5 of the Dungeon)
  6602 | D:6      | Found a glowing silver altar of Zin.
  6603 | D:6      | Found a sparkling altar of Nemelex Xobeh.
  6659 | D:7      | Found a radiant altar of Vehumet.
  6968 | D:7      | Reached XP level 9. HP: 59/59 MP: 11/16
  7031 | D:6      | Found a shimmering altar of Xom.
  7031 | D:6      | Found an opulent altar of Gozag.
  7229 | D:7      | Reached skill level 5 in Fire Magic
  7252 | D:7      | Found Ponn's Weapon Emporium.
  7293 | D:7      | Reached * piety under Vehumet
  7293 | D:7      | Offered knowledge of Flame Tongue by Vehumet.
  7828 | D:8      | Noticed Erica
  8011 | D:8      | Reached skill level 5 in Fighting
  8015 | D:8      | Killed Erica
  8015 | D:8      | Reached skill level 5 in Spellcasting
  8080 | D:8      | Reached skill level 5 in Poison Magic
  8191 | D:8      | Found a glowing golden altar of the Shining One.
  8638 | D:9      | Reached ** piety under Vehumet
  8647 | D:9      | Learned a level 2 spell: Repel Missiles
  8709 | D:9      | Offered knowledge of Sandblast by Vehumet.
  8720 | D:9      | Reached XP level 10. HP: 68/68 MP: 15/19
  8887 | D:9      | Noticed Joseph
  8910 | D:9      | Killed Joseph
  9164 | D:9      | Noticed Pikel
  9199 | D:9      | Killed Pikel
  9285 | D:9      | Found a shimmering altar of Xom.
  9286 | D:9      | Found a shimmering altar of Xom.
  9286 | D:9      | Found a shimmering altar of Xom.
  9286 | D:9      | Found a shimmering altar of Xom.
  9287 | D:9      | Found a shimmering altar of Xom.
  9696 | D:10     | Entered Level 10 of the Dungeon
  9731 | D:10     | Offered knowledge of Inner Flame by Vehumet.
 10016 | D:10     | Reached *** piety under Vehumet
 10158 | D:10     | Found a staircase to the Orcish Mines.
 10251 | D:10     | Noticed XO4YCPATb's ghost (novice DrMo)
 10318 | D:10     | Offered knowledge of Sticky Flame by Vehumet.
 10324 | D:10     | Learned a level 4 spell: Sticky Flame
 10448 | D:10     | Killed XO4YCPATb's ghost
 10709 | D:10     | Reached XP level 11. HP: 78/78 MP: 23/25
 10730 | D:10     | Reached **** piety under Vehumet
 10985 | D:10     | Offered knowledge of Airstrike by Vehumet.
 11237 | D:10     | Noticed Fannar
 11246 | D:10     | Noticed a hill giant
 11247 | D:10     | Noticed Harold
 11308 | D:10     | Killed a hill giant
 11455 | D:10     | Killed Fannar
 11455 | D:10     | Reached skill level 10 in Spellcasting
 11563 | D:10     | Killed Harold
 12054 | Orc:1    | Entered Level 1 of the Orcish Mines
 12054 | Orc:1    | Noticed Nergalle
 12248 | D:10     | Reached ***** piety under Vehumet
 12323 | D:10     | Killed Nergalle
 12323 | D:10     | Reached skill level 10 in Fighting
 12451 | D:10     | Offered knowledge of Bolt of Fire by Vehumet.
 12480 | D:10     | Learned a level 6 spell: Bolt of Fire
 12649 | Orc:1    | Noticed Josephine
 12676 | Orc:1    | Killed Josephine
 12816 | Orc:1    | Found Plog's Magic Scroll Emporium.
 12924 | Orc:2    | Entered Level 2 of the Orcish Mines
 12931 | Orc:2    | Noticed an orc high priest
 12932 | Orc:2    | Noticed a hill giant
 12934 | Orc:2    | Noticed a sun demon
 12940 | Orc:2    | Noticed an orc sorcerer
 12944 | Orc:2    | Noticed an ogre mage
 12978 | Orc:2    | Noticed an ogre mage
 12996 | Orc:2    | Killed an ogre mage
 12996 | Orc:2    | Reached skill level 5 in Dodging
 12998 | Orc:2    | Noticed a deep troll
 13132 | Orc:1    | Reached XP level 12. HP: 52/87 MP: 19/27
 13881 | Orc:2    | Found Qetraotoad's Weapon Shoppe.
 13973 | Orc:2    | Found a staircase to the Elven Halls.
 13991 | Orc:2    | Found Teeck's Magic Scroll Shop.
 13992 | Orc:2    | Found Xeplu's Book Emporium.
 14002 | Orc:2    | Found Wianweil's Jewellery Shop.
 14006 | Orc:2    | Found Ibubas's Gadget Shoppe.
 14032 | Orc:2    | Killed an ogre mage
 14078 | Orc:2    | Killed an orc high priest
 14707 | Orc:2    | Offered knowledge of Bolt of Cold by Vehumet.
 14945 | Orc:2    | Bought a scroll of identify for 24 gold pieces
 14945 | Orc:2    | Bought a scroll of identify for 24 gold pieces
 14947 | Orc:2    | Bought a scroll of identify for 24 gold pieces
 14948 | Orc:2    | Bought a scroll of magic mapping for 42 gold pieces
 15024 | Orc:2    | Bought a scroll of brand weapon for 240 gold pieces
 15070 | Orc:1    | Bought a scroll of identify for 30 gold pieces
 15070 | Orc:1    | Bought a scroll of identify for 30 gold pieces
 15070 | Orc:1    | Bought a scroll of identify for 30 gold pieces
 15327 | D:11     | Found a portal to a secret trove of treasure.
 15527 | D:11     | Noticed Herem's ghost (journeyman DDFi)
 15566 | D:11     | Killed Herem's ghost
 15674 | D:11     | Found a staircase to the Lair.
 15746 | D:11     | Noticed a centaur warrior
 15755 | D:11     | Killed a centaur warrior
 15755 | D:11     | Reached skill level 10 in Fire Magic
 15755 | D:11     | Reached XP level 13. HP: 72/92 MP: 18/28
 16045 | Lair:1   | Entered Level 1 of the Lair of Beasts
 16631 | Lair:1   | Offered knowledge of Bolt of Magma by Vehumet.
 17116 | Lair:1   | Reached skill level 10 in Conjurations
 18634 | Orc:1    | Bought a scroll of enchant weapon for 112 gold pieces
 18634 | Orc:1    | Bought a scroll of identify for 30 gold pieces
 18634 | Orc:1    | Bought a scroll of enchant weapon for 112 gold pieces
 18655 | Orc:2    | Bought a scroll of enchant weapon for 90 gold pieces
 19511 | Lair:3   | Reached skill level 10 in Dodging
 19737 | Lair:4   | Reached skill level 5 in Long Blades
 20037 | Lair:4   | Found a staircase to the Snake Pit.
 20168 | Lair:4   | Offered knowledge of Delayed Fireball by Vehumet.
 20223 | Lair:4   | Got a wizard robe
 20245 | Lair:4   | Found a staircase to the Shoals.
 20636 | Lair:4   | Learned a level 7 spell: Delayed Fireball
 21749 | Lair:5   | Reached XP level 14. HP: 80/99 MP: 22/29
 21911 | Lair:6   | Entered Level 6 of the Lair of Beasts
 22054 | Lair:6   | Reached skill level 10 in Long Blades
 22253 | Lair:6   | Paralysed by a hornet for 3 turns
 22366 | Lair:6   | Killed from afar by a rime drake

Skill      XL: |  1  2  3  4  5  6  7  8  9 10 11 12 13 14 |
---------------+-------------------------------------------+-----
Conjurations   | 2 3 4 5 6 9 11 | 11.0
Fire Magic     | 1 2 3 4 6 7 10 11 | 11.0
Poison Magic   | 1 2 3 4 5 |  5.0
Air Magic      | 1 2 3 4 5 6 |  6.0
Fighting       | 1 2 3 4 6 8 10 | 10.1
Long Blades    | 1 2 3 8 11 | 11.0
Translocations | 3 4 |  4.0
Spellcasting   | 4 5 9 10 | 10.7
Dodging        | 5 8 10 | 10.0
Stealth        | |  2.1
Summonings     | |  0.8

Action                   |  1- 3 |  4- 6 |  7- 9 | 10-12 | 13-15 || total
-------------------------+-------+-------+-------+-------+-------++-------
Melee: Spear             |    45 |   123 |   286 |   890 |   253 ||  1597
       Triple sword      |       |       |       |       |   235 ||   235
 Fire: Hunting sling     |    23 |    40 |       |       |       ||    63
 Cast: Magic Dart        |    88 |   117 |    95 |   101 |    57 ||   458
       Conjure Flame     |     3 |    14 |    14 |    40 |    28 ||    99
       Mephitic Cloud    |     1 |     3 |     9 |    73 |     6 ||    92
       Blink             |       |       |     1 |    23 |     9 ||    33
       Repel Missiles    |       |       |     1 |     1 |     1 ||     3
       Sticky Flame      |       |       |       |    50 |    14 ||    64
       Bolt of Fire      |       |       |       |     6 |    32 ||    38
       Call Imp          |       |       |       |       |     3 ||     3
 Abil: Evoke Invisibilit |       |       |       |       |     2 ||     2
Evoke: Wand              |       |       |       |       |     1 ||     1
  Use: Scroll            |       |       |    16 |    11 |     5 ||    32
       Potion            |       |       |       |     2 |     9 ||    11
 Stab: Confused          |     1 |     2 |     7 |    38 |     2 ||    50
       Sleeping          |       |     1 |     2 |     2 |     1 ||     6
       Distracted        |       |       |       |     2 |       ||     2
       Invisible         |       |       |       |       |     2 ||     2
  Eat: Chunk             |     3 |    11 |    13 |    25 |    26 ||    78
       Fruit             |       |       |       |     2 |     1 ||     3
       Beef jerky        |       |       |       |       |     3 ||     3
       Royal jelly       |       |       |       |       |     1 ||     1
Armor: Robe              |    20 |    12 |    16 |   130 |       ||   178
       Leather armour    |       |       |    20 |       |       ||    20
       Ring mail         |       |       |    54 |   161 |   253 ||   468
Dodge: Dodged            |    26 |    14 |   100 |   384 |   430 ||   954
       Deflected         |       |       |       |     7 |       ||     7
       Rpst.: Triple sword |       |       |       |       |    71 ||    71
